 Dungeon Crawl Stone Soup version 0.27-a0-1188-g73eefd5def (webtiles) character file.

Game seed: 15206230574625737440

85 spiderkeys the Skirmisher (level 4, 0/32 HPs)
             Began as an Octopode Abyssal Knight on May 21, 2021.
             Was a Believer of Lugonu.
             Slain by an ice beast (4 damage)
             ... on level 3 of the Dungeon.
             The game lasted 00:02:48 (2587 turns).

spiderkeys the Skirmisher (Octopode Abyssal Knight) Turns: 2587, Time: 00:02:48

Health: 0/32       AC:  1    Str: 12    XL:     4   Next: 48%
Magic:  15/15      EV: 13    Int: 14    God:    Lugonu [**....]
Gold:   150        SH:  0    Dex: 11    Spells: 3/3 levels left

rFire    . . .     SeeInvis .   a - +1 spear
rCold    . . .     Faith    .   (no shield)
rNeg     . . .     Spirit   .   (helmet restricted)
rPois    .         Reflect  .   (no amulet)
rElec    .         Harm     .   W - ring of magical power
rCorr    .         Rampage  .   (no ring)
Will     .....                  (no ring)
Stlth    ++........             (no ring)
HPRegen  0.10/turn              (no ring)
MPRegen  0.14/turn              (no ring)
                                (no ring)
                                (no ring)

@: no status effects
A: almost no armour, amphibious, 8 rings, camouflage 1, gelatinous body 1,
(nimble swimmer 1), tentacles
a: Renounce Religion, Depart the Abyss, Bend Space


You were on level 3 of the Dungeon.
You worshipped Lugonu.
Lugonu was pleased with you.
You visited 1 branch of the dungeon, and saw 3 of its levels.
You visited the Abyss 1 time.

You collected 150 gold pieces.


Innate Abilities, Weirdness & Mutations

You cannot wear most types of armour.
You are amphibious.
You can wear up to eight rings at the same time.
Your skin changes colour to match your surroundings (Stealth+).
Your rubbery body absorbs attacks. (AC +1, EV +1)
((You are camouflaged near water. (Stealth+)))
You have tentacles for arms and can constrict up to eight enemies at once.


   Skills:
 + Level 3.6 Fighting
 + Level 2.8 Polearms
 + Level 3.1 Dodging
 + Level 2.9 Invocations


You had 3 spell levels left.
You didn't know any spells.
Your spell library was empty.

Inventory:

Hand Weapons
 a - a +1 spear (weapon)
Missiles
 f - 18 stones
 i - 66 arrows
Magical Staves
 g - a staff of earth {!a}
   (You found it on level 1 of the Dungeon)
Jewellery
 W - a ring of magical power (left tentacle)
   (You found it on level 2 of the Abyss)
Wands
 e - a wand of acid (6)
   (You found it on level 2 of the Abyss)
Scrolls
 d - a scroll of teleportation {@r4}
 h - a scroll of enchant weapon
 k - a scroll of vulnerability {!r!r}
Potions
 b - a potion of curing {unknown}
 c - 3 potions of heal wounds {@q2}
 j - a potion of magic

Dungeon Overview and Level Annotations

Branches:
Dungeon (3/15)

Altars:
Vehumet

.#...........#..#.....
##........##.#........
##.............#.#####
#...<...###.....#
######### #.....#
###.### #.# ####
########.########.
...#
#.........@Y......
##.#
#.#######......##.
.#.####.# #.........
........# .......#..
##.###### #..........
...# #..#...?### ####
#..#...## #..#####


You could see an ice beast.


Message History

You hit the endoplasm but do no damage. The endoplasm barely misses you.
You hit the endoplasm. You squeeze the endoplasm.
You kill the endoplasm!
Lugonu accepts your kill. 😕 HP[+1]
You now have 32 max hp (+1).
No target in view!
No target in view!
No target in view!
An adder comes into view. 😎 HP[+1]
Your hp is fully restored (32).
An adder is nearby!
An adder is nearby!
You reach to attack!
The helpless adder fails to defend itself.
You hit the adder. The adder bites you.
You are poisoned.
The adder poisons you! 😕 HP[-2]
You take 2 damage, and now have 30/32 hp.
You closely miss the adder. You grab the adder. You constrict the adder.
You feel sick. The adder bites you.
You are more poisoned.
The adder poisons you! 😕 HP[-3]
You take 3 damage, and now have 27/32 hp.
You hit the adder but do no damage. Your squeeze misses the adder.
You constrict the adder.
You feel sick. The adder barely misses you. 😕 HP[-2]
You take 2 damage, and now have 25/32 hp.
You barely miss the adder. You constrict the adder.
You feel sick. The adder barely misses you. The adder bites you. 😮 HP[-6]
You take 6 damage, and now have 19/32 hp.
You hit the adder. You constrict the adder.
You kill the adder!
Lugonu accepts your kill.
You feel sick.
You feel the corruption within you wane completely.
You feel clever. x2 😮 HP[-2]
You take 2 damage, and now have 17/32 hp.
You feel sick. 😨 HP[-1]
You take 1 damage, and now have 16/32 hp.
You feel sick.
You feel sick.
You feel sick.
Key pressed, stopping explore.
You feel sick.
You feel sick.
You are no longer poisoned.
Key pressed, stopping explore.
Key pressed, stopping explore.
Key pressed, stopping explore.
You are too injured to fight recklessly! 😮 HP[+2]
You regained 2 hp, and now have 18/32 hp.
Key pressed, stopping explore.
You see here a +0 leather armour.
c - 3 potions of heal wounds {@q2} (gained 1)
You see here a +0 leather armour.
You now have 127 gold pieces (gained 11).
You now have 138 gold pieces (gained 11).
Partly explored, can't reach some places. 😎 HP[+14]
Your hp is fully restored (32).
Partly explored, can't reach some places.
Partly explored, can't reach some places.
There is a stone staircase leading down here.
You climb downwards.
There is a stone staircase leading up here.
b - a silvery potion No target in view!
No target in view!
You now have 150 gold pieces (gained 12).
Found a stone staircase leading up.
No target in view!
No target in view!
An ice beast comes into view.
You reach to attack!
You hit the ice beast but do no damage. You hit the ice beast but do no damage.
The ice beast hits you. The ice beast freezes you! 😮 HP[-15]
You take 15 damage, and now have 17/32 hp.
MASSIVE DAMAGE!! (PAUSE)
You closely miss the ice beast.
You squeeze the ice beast, but do no damage.
The ice beast hits you.
* * * LOW HITPOINT WARNING * * *
The ice beast freezes you!
* * * LOW HITPOINT WARNING * * *
😱 HP[-13]
You take 13 damage, and now have 4/32 hp.
MASSIVE DAMAGE!! (PAUSE)
Okay, then.
You completely miss the ice beast. The ice beast closely misses you.
You hit the ice beast but do no damage. The ice beast hits you.
You die...

Skill      XL: |  1  2  3  4 |
---------------+-------------+-----
Dodging        | 3 |  3.1
Fighting       | |  3.6
Polearms       | |  2.8
Invocations    | |  2.9

Action                   |  1- 3 |  4- 6 || total
-------------------------+-------+-------++-------
Melee: Spear             |    83 |    35 ||   118
       Tentacles         |    16 |     5 ||    21
       Constrict         |    17 |     6 ||    23
Invok: Depart the Abyss  |     1 |       ||     1
  Use: Scroll            |     4 |     2 ||     6
 Stab: Sleeping          |     7 |     1 ||     8
Armor: Skin              |     5 |     1 ||     6
Dodge: Dodged            |    27 |    23 ||    50

Levels and vault maps discovered:
D:1:      nzn_arrival_depleted_hourglass, layout_rooms
D:2:      minmay_spotlight, layout_rooms, serial_forest,
          infiniplex_forest_lined_3, infiniplex_forest_end_3,
          infiniplex_forest_clump_diagonal, infiniplex_forest_fountain,
          infiniplex_forest_clump_large, infiniplex_forest_lined_1, basic_altar,
          hellmonk_ecumenical_altar_slurped_away
D:3:      layout_loops_cross, grunt_ministairs_14, grunt_decor_mini_mirrors,
          minmay_misc_feat_pillars, chequers_serial_rivers_room_b,
          bh_walls_and_bars

Notes
Turn   | Place    | Note
-------+----------+-------------------------------------------
     0 | Abyss:1  | spiderkeys the Octopode Abyssal Knight began the quest for
                  | the Orb.
     0 | Abyss:1  | Reached XP level 1. HP: 16/16 MP: 2/2
     0 | Abyss:1  | magus.rc [v1.9.10]
    68 | Abyss:1  | Noticed a wretched star
    96 | Abyss:2  | Noticed a green very ugly thing
    96 | Abyss:2  | Noticed a green very ugly thing
    97 | Abyss:2  | Noticed a green very ugly thing
   106 | Abyss:2  | Noticed a worldbinder
   110 | D:1      | You pass through the gate.
   110 | D:1      | Escaped the Abyss
   256 | D:1      | Reached XP level 2. HP: 10/21 MP: 3/3
   261 | D:1      | HP: 3/21 [kobold/+0 whip (5)]
   262 | D:1      | HP: 1/21 [bat (1)]
   264 | D:1      | Reached * piety under Lugonu
   294 | D:1      | HP: 2/21 [bat (1)]
   629 | D:1      | You fall into a shaft and drop 1 floor!
   629 | D:2      | Found a faded altar of an unknown god.
   665 | D:2      | Found a radiant altar of Vehumet.
   739 | D:2      | Reached XP level 3. HP: 23/26 MP: 4/4
  1571 | D:2      | Reached ** piety under Lugonu
  1780 | D:2      | Reached XP level 4. HP: 30/31 MP: 6/6
  1786 | D:2      | Reached skill level 3 in Dodging
  2580 | D:3      | Noticed an ice beast
  2585 | D:3      | HP: 4/32 [ice beast (9)]
  2587 | D:3      | Slain by an ice beast

Vanquished Creatures
  3 adders (D:2)
  A worm (D:2)
  3 dart slugs
  7 endoplasms
  A giant cockroach (D:2)
  3 goblins
  5 hobgoblins
  4 jackals (D:2)
  3 kobolds (D:1)
  A quokka (D:1)
  A ball python (D:1)
  5 bats (D:1)
  4 frilled lizards
  6 rats
47 creatures vanquished.

Table legend:
 A = Non-vault XP
 B = Vault XP
 C = Vault XP percentage of total XP
 D = Non-vault monster count
 E = Vault monster count
 F = Vault count percentage of total count
                 A         B        C        D         E       F
            +---------+---------+-------+---------+---------+-------
      Total |     104 |      18 |  14.8 |      43 |       4 |   8.5
            +---------+---------+-------+---------+---------+-------
        D:1 |      39 |       0 |   0.0 |      23 |       0 |   0.0
        D:2 |      65 |      18 |  21.7 |      20 |       4 |  16.7
            +---------+---------+-------+---------+---------+-------

Illustrated notes

Table legend:
 A = Kills in this place as a percentage of kills in entire the game.
 B = Kills by you in this place as a percentage of kills by you in the entire game.
 C = Kills by friends in this place as a percentage of kills by friends in the entire game.
 D = Other kills in this place as a percentage of other kills in the entire game.
 E = Experience gained in this place as a percentage of experience gained in the entire game.
 F = Experience gained in this place divided by the number of levels of this place that you have seen.
                   A       B       C       D       E      F
               +-------+-------+-------+-------+-------+----------------------
         Total | 100.0 | 100.0 |   N/A |   N/A | 100.0 |  24.4
       Dungeon | 100.0 | 100.0 |   N/A |   N/A | 100.0 |  40.7
               +-------+-------+-------+-------+-------+----------------------

Table legend: (Time is in decaauts)
 A = Elapsed time spent in this place.
 B = Non-inter-level travel time spent in this place.
 C = Inter-level travel time spent in this place.
 D = Time resting spent in this place.
 E = Time spent auto-exploring this place.
 F = Levels seen in this place.
 G = Mean time per level.
                   A        B        C        D        E       F      G
               +--------+--------+--------+--------+--------+-----+--------+
         Total |   2583 |   2514 |     69 |      0 |   2177 |   5 |  516.6 |
       Dungeon |   2473 |   2404 |     69 |      0 |   2125 |   3 |  824.3 |
         Abyss |    109 |    109 |      0 |      0 |     52 |   2 |   54.5 |
               +--------+--------+--------+--------+--------+-----+--------+

Top non-repeatable levels by time:
     D:2: 1452 daAuts
     D:1: 904 daAuts
     D:3: 116 daAuts
 Abyss:1: 70 daAuts
 Abyss:2: 39 daAuts
